 Dungeon Crawl Stone Soup version 0.18-a0-844-g9229740 (webtiles) character file.

55 Alethiolet the Caller (level 3, 0/24 HPs)
             Began as a Demonspawn Wanderer on Dec 19, 2015.
             Hit by a stone thrown by a kobold (2 damage)
             ... on level 2 of the Dungeon.
             The game lasted 00:05:53 (1775 turns).

Alethiolet the Caller (Demonspawn Wanderer)         Turns: 1775, Time: 00:05:54

Health: 0/24       AC:  2    Str: 12    XL:     3   Next: 67%
Magic:  1/8        EV: 11    Int: 15    God:
Gold:   88         SH:  0    Dex: 11    Spells: 3 memorised, 3 levels left

rFire  . . .     SeeInvis .     (no weapon)
rCold  . . .     Gourm    .     d - +0 robe
rNeg   . . .     Faith    .     (no shield)
rPois  .         Spirit   .     (no helmet)
rElec  .         Dismiss  .     (no cloak)
rCorr  .         Reflect  .     (no gloves)
SustAt .         Harm     .     (no boots)
MR     .....                    (no amulet)
Stlth  +.........               (no ring)
                                (no ring)

@: very slightly contaminated, not resistant to hostile enchantments, very
unstealthy
A: claws 1
a: no special abilities


You were on level 2 of the Dungeon.
You were not hungry.

You visited 1 branch of the dungeon, and saw 2 of its levels.

You collected 88 gold pieces.

Inventory:

Armour
 d - a +0 robe (worn)
Scrolls
 c - a scroll of teleportation
 e - a scroll of amnesia {unknown}
 f - a scroll of magic mapping {unknown}
 g - 2 scrolls of enchant weapon {unknown}
 i - a scroll of identify {unknown}
Potions
 h - a potion of heal wounds {unknown}
Books
 a - a book of Minor Magic

   Spells                             Type                      Level
   a - Magic Dart                     Conjuration                  1
   b - Blink                          Translocation                2
   c - Call Imp                       Summoning                    2
   d - Repel Missiles                 Charms/Air                   2
   e - Slow                           Hexes                        2
   f - Conjure Flame                  Conjuration/Fire             3
   g - Mephitic Cloud                 Conjuration/Poison/Air       3
 b - Tiwni's Tome of Dark Rites

   Spells                             Type                      Level
   a - Animate Skeleton               Necromancy                   1
   b - Pain                           Necromancy                   1


   Skills:
 - Level 1.0 Throwing
 - Level 1.0 Stealth
 + Level 3.5 Spellcasting
 + Level 2.0 Conjurations
 * Level 4.5 Summonings


You had 3 spell levels left.
You knew the following spells:

 Your Spells              Type           Power        Failure   Level  Hunger
a - Magic Dart            Conj           #...         12%         1    None
b - Call Imp              Summ           ###.....     6%          2    ##.....
c - Conjure Flame         Conj/Fire      #.......     43%         3    ###....


Dungeon Overview and Level Annotations

Branches:
Dungeon (2/15)

Altars:


Innate Abilities, Weirdness & Mutations

You have sharp fingernails.


Message History

Your crimson imp hits the kobold but does no damage.
The kobold throws a stone.
The stone hits your crimson imp but does no damage.
Your crimson imp misses the kobold.
The kobold hits your crimson imp with a dagger.
The goblin barely misses you.
Your crimson imp barely misses the kobold.
The kobold throws a stone.
The stone hits your crimson imp.
You scratch the goblin.
The goblin is almost dead.
The goblin hits you with a dagger of electrocution.
You are electrocuted!
Ouch! That really hurt!
* * * LOW HITPOINT WARNING * * *
Your crimson imp closely misses the kobold.
Your crimson imp barely misses the kobold.
The kobold throws a stone.
The stone closely misses your crimson imp.
The stone misses the goblin.
The stone hits you.
You die...

##.........## .8...>...8.
......K.. .8..585 ##.# ..... ..
...# ... ##### #.# #..# #g#
##...# #.# #..# #@# #####.....
#.# #..# ######5## .......... #.#
#..# #.......# ###....... #.#
#..# #.####..#. #.........
##.###..###.####..#.# #.#...[...
#.....†........#..#.####.##......
##.########.##.#..#..............
#.# #.##....#.###..###..... #.#
#.......#.# #>.........


You could see a goblin, a kobold and 3 friendly crimson imps.

Vanquished Creatures
  6 bats
  4 giant cockroaches (D:1)
  8 goblins
  A hobgoblin (D:1)
  3 giant newts (D:1)
  2 kobolds (D:1)
  5 rats
29 creatures vanquished.

Vanquished Creatures (collateral kills)
  4 gnolls (D:2)
  A bat (D:1)
  A giant cockroach (D:1)
  3 hobgoblins (D:1)
  A kobold (D:2)
  3 goblins
13 creatures vanquished.

Grand Total: 42 creatures vanquished

Notes
Turn   | Place    | Note
--------------------------------------------------------------
     0 | D:1      | Alethiolet the Demonspawn Wanderer began the quest for the Orb.
     0 | D:1      | Alethiolet set off with: a book of Minor Magic, Tiwni's Tome of Dark Rites, a scroll of teleportation, a +0 robe, a +0 club, a bread ration
     0 | D:1      | Reached XP level 1. HP: 13/13 MP: 4/4
     0 | D:1      | Identified Tiwni's Tome of Dark Rites
     2 | D:1      | Learned a level 1 spell: Magic Dart
   547 | D:1      | Gained mutation: You have sharp fingernails. [demonic ancestry]
   547 | D:1      | Reached XP level 2. HP: 19/19 MP: 0/6
   587 | D:1      | Learned a level 2 spell: Call Imp
  1464 | D:2      | Reached XP level 3. HP: 15/24 MP: 0/7
  1570 | D:2      | Learned a level 3 spell: Conjure Flame
  1775 | D:2      | Hit by a stone thrown by a kobold

Vault maps used:
D:1:      onia_arrival_larder, st_stairs_1
D:2:      first_bread, grunt_ministairs_2, kennysheep_small_spiral, fountainhead

Action                   || total
-------------------------++-------
Melee: Unarmed           ||    68
 Cast: Magic Dart        ||    51
       Call Imp          ||    12
  Eat: Bread ration      ||     1
